 Dungeon Crawl Stone Soup version 0.20.1-1-g8b1a95d (webtiles) character file.

457 iopi the Skirmisher (level 7, -1/75 HPs)
             Began as an Ogre Berserker on Oct 19, 2017.
             Was a Priest of Trog.
             Slain by a phantom (5 damage)
             ... on level 4 of the Dungeon.
             The game lasted 00:38:31 (3977 turns).

iopi the Skirmisher (Ogre Berserker)                Turns: 3977, Time: 00:38:32

Health: -1/75      AC:  5    Str: 23    XL:     7   Next: 6%
Magic:  7/7        EV: 11    Int:  8    God:    Trog [***...]
Gold:   210        SH:  0    Dex:  7    Spells: 6/6 levels left

rFire    . . .     SeeInvis .   d - -1 trident (curse)
rCold    + . .     Gourm    .   (no shield)
rNeg     . . .     Faith    .   g - +2 robe {rC+}
rPois    .         Spirit   .   (helmet restricted)
rElec    .         Reflect  .   (no cloak)
rCorr    .         Harm     .   (gloves unavailable)
MR       .....                  (boots unavailable)
Stlth    +.........             l - amulet of rage
Regen    0.3/turn               r - -2 ring of dexterity (curse)
MPRegen  0.1/turn               (no ring)

@: lethally poisoned (-1 -> -3)
A: unfitting armour, tough skin 1
a: Berserk, Trog's Hand, Burn Spellbooks, Renounce Religion, Evoke Berserk Rage


You were on level 4 of the Dungeon.
You worshipped Trog.
Trog was most pleased with you.
You were not hungry.

You visited 1 branch of the dungeon, and saw 4 of its levels.

You collected 210 gold pieces.

Inventory:

Hand Weapons
 a - a +0 spear
 d - a cursed -1 trident (weapon)
 e - a +0 scythe
 h - a +1 antimagic spear
Armour
 b - a +0 animal skin
 g - a +2 robe of cold resistance (worn)
Jewellery
 l - an amulet of rage (around neck)
 r - a cursed -2 ring of dexterity (left hand)
Wands
 o - a wand of iceblast (6/15)
Scrolls
 n - 3 scrolls of teleportation
 p - a scroll of recharging
 s - a scroll of remove curse {unknown}
 t - a scroll of fog
Potions
 f - a potion of curing
 i - a potion of haste
 q - a potion of agility
Comestibles
 c - 4 bread rations
 j - 2 royal jellies
 k - 2 fruits
 m - 2 meat rations


   Skills:
 + Level 6.2 Fighting
 + Level 5.1 Polearms
 + Level 4.6 Dodging
 + Level 1.0 Stealth


You had 6 spell levels left.
You didn't know any spells.

Dungeon Overview and Level Annotations

Branches:
Dungeon (4/15)
 Temple: D:4-7

Altars:


Innate Abilities, Weirdness & Mutations

You are too large for most types of armour.
You have tough skin. (AC +1)


Message History

You hit the worker ant.
The worker ant is moderately wounded.
The worker ant bites you.
* * * LOW HITPOINT WARNING * * *
You hit the worker ant.
The worker ant is heavily wounded.
You feel sick. The worker ant bites you.
* * * LOW HITPOINT WARNING * * *
You barely miss the worker ant.
The worker ant is heavily wounded.
The worker ant closely misses you. The worker ant barely misses you.
You closely miss the worker ant.
The worker ant is heavily wounded.
You feel sick. The phantom closely misses you. The worker ant bites you.
* * * LOW HITPOINT WARNING * * *
You closely miss the worker ant.
The worker ant is heavily wounded.
The worker ant bites you but does no damage.
The phantom hits you.
You die...

# ##. ##.
.. #.....
#.###
a....#
##....
#.##.#
.....
#o##.#
##.<..#
#o##.#
###.# #.#
# #.##a#
...# #..
#.##.##@#
#>###..
#....oW)#
#......
####.####
#....†.
#.#
#.#.#†.
#.# ##
#.#....
#.##.#
#.#.#..
#.#.#
#.#.#..
#..# ##
#......
#[## #.#
##.####W


You could see a phantom, a worker ant and an orc.

Vanquished Creatures
  Sigmund (D:3)
  A bullfrog (D:4)
  A scorpion (D:4)
  Ijyb (D:3)
  A worker ant (D:4)
  4 adders
  A shadow imp (D:3)
  2 dart slugs
  4 orcs
  2 ball pythons
  3 giant cockroaches
  11 goblins
  12 hobgoblins
  16 jackals
  2 quokkas (D:3)
  3 bats (D:1)
  2 frilled lizards
  8 kobolds
  10 rats
85 creatures vanquished.

Notes
Turn   | Place    | Note
-------+----------+-------------------------------------------
     0 | D:1      | iopi the Ogre Berserker began the quest for the Orb.
     0 | D:1      | Reached XP level 1. HP: 24/24 MP: 1/1
   136 | D:1      | Reached XP level 2. HP: 21/32 MP: 2/2
   667 | D:1      | Reached XP level 3. HP: 38/40 MP: 3/3
   912 | D:2      | Reached ** piety under Trog
   983 | D:2      | Reached skill level 5 in Fighting
  1295 | D:2      | Reached XP level 4. HP: 46/50 MP: 1/4
  1553 | D:3      | Found a faded altar of an unknown god.
  1977 | D:3      | Noticed Sigmund
  2483 | D:3      | Killed Sigmund
  2483 | D:3      | Reached skill level 1 in Stealth
  2483 | D:3      | Reached XP level 5. HP: 42/59 MP: 5/5
  2483 | D:3      | Reached XP level 6. HP: 47/67 MP: 6/6
  2568 | D:3      | Reached *** piety under Trog
  2792 | D:3      | Noticed Ijyb
  2815 | D:3      | Killed Ijyb
  3806 | D:4      | Reached skill level 6 in Fighting
  3823 | D:4      | Reached skill level 5 in Polearms
  3863 | D:4      | Noticed a phantom
  3908 | D:4      | Reached XP level 7. HP: 11/75 MP: 7/7
  3977 | D:4      | Slain by a phantom

Skill      XL: |  1  2  3  4  5  6 |
---------------+-------------------+-----
Dodging        | 3 4 |  4.6
Fighting       | 5 6 |  6.2
Polearms       | 4 5 |  5.1
Stealth        | 1 |  1.0

Action                   |  1- 3 |  4- 6 |  7- 9 || total
-------------------------+-------+-------+-------++-------
Melee: Spear             |   102 |    75 |       ||   177
       Trident           |       |   144 |    13 ||   157
Invok: Trog's Hand       |     1 |     1 |     1 ||     3
  Use: Potion            |       |     6 |       ||     6
       Scroll            |       |     4 |       ||     4
  Eat: Bread ration      |     1 |       |       ||     1
       Meat ration       |       |     2 |       ||     2
Armor: Animal skin       |    29 |    44 |       ||    73
       Robe              |       |    28 |     2 ||    30
Dodge: Dodged            |    55 |   132 |    11 ||   198
